[Event "Late-Titled-Tuesday-Blitz-May-07-2024"]
[Site "Chess.com"]
[Date "2024.05.07"]
[Round "11"]
[White "BogdanDeac"]
[Black "ChessWarrior7197"]
[Result "1-0"]
[WhiteElo "3126"]
[BlackElo "3138"]
[TimeControl "180+1"]
[EndTime "16:09:18 PDT"]
[Termination "BogdanDeac won by resignation"]

1. d4 Nf6 2. c4 e6 3. Nc3 c5 4. Nf3 cxd4 5. Nxd4 Nc6 6. a3 Bc5 7. Nb3 Be7 8. e4 O-O 9. Be2 d6 10. O-O b6 11. Be3 Bb7 12. Rc1 Rc8 13. f4 Qc7 14. Bd3 Qb8 15. Qe2 Rfe8 16. Kh1 Nd7 17. Nd2 Bf6 18. Nf3 Nc5 19. Bb1 Nb3 20. Rcd1 Nc5 21.
Nb5 Rcd8 22. b4 Na6 23. Qd3 e5 24. Nxd6 Be7 25. c5 bxc5 26. bxc5 exf4 27. Bg1 g6 28. e5 Nc7 29. Qb3 Bxd6 30. exd6 Ne6 31. Bd3 Qa8 32. Bc4 Na5 33. Qa4 Nxc4 34. Qxc4 Bc6 35. Rc1 Rb8 36. h4 Bb5 37. Qc3 Bxf1 38. Rxf1 Qd5 39. Qf6 Nxc5 40.
Bxc5 Qxc5 41. Ng5 Qf5 42. Qxf5 gxf5 43. Rxf4 Red8 44. Rxf5 Rxd6 45. Nxf7 Ra6 46. Ne5 Rxa3 47. Rg5+ Kf8 48. Nd7+ Kf7 49. Nxb8 a5 50. Nc6 a4 51.
Ra5 Kf6 52. Nd4 Ra2 53. Kh2 Ra3 54. g3 Ra1 55. Kg2 a3 56. Nb5 Kf5 57. Nxa3+ Ke4 58.
Ra4+ Kf5 59. Rf4+ Kg6 60. Nc4 Kh5 61. Ne3 Ra3 62. Kf3 Kg6 63. Rg4+ Kf6 64. Re4 Kg6 65. Kf4 Ra6 66. Re5 Ra4+ 67. Re4 Ra6 68. Nc4 Rf6+ 69. Kg4 Rf1 70. Rf4 Re1 71. Kf3 Rf1+ 72. Ke2 Rc1 73.
Ne5+ Kg7 74. Nf3 Rc3 75. Kf2 Rc2+ 76. Kg1 Rc3 77. Kg2 Kg6 78. Kh3 Rc5 79. Nd4 Rd5 80.
Ne6 Re5 81. Nd4 Rd5 82. Kg4 Ra5 83. h5+ Rxh5 84. Rf6+ Kxf6 85. Kxh5 Ke5 86. Ne2 Kf5 87. g4+ Kf6 88. Nc3 Ke5 89. Na4 Kf4 90. g5 Kf5 91.
Kh6 Kg4 92. Nb6 Kf5 93. Nd7 Ke6 94. Nf6 Kf5 95. Nxh7 1-0

[Event "Late-Titled-Tuesday-Blitz-May-07-2024"]
[Site "Chess.com"]
[Date "2024.05.07"]
[Round "11"]
[White "GWR2024"]
[Black "profaVa"]
[Result "1/2-1/2"]
[WhiteElo "2189"]
[BlackElo "2356"]
[TimeControl "180+1"]
[EndTime "16:09:29 PDT"]
[Termination "Game drawn by repetition"]

1. e4 e5 2. d4 Nc6 3. d5 Nce7 4.
f4 Ng6 5. Nf3 exf4 6. Nc3 Bc5 7.
Bc4 d6 8. Qe2 Nf6 9. Bd2 O-O 10.
O-O-O Re8 11. h4 Ne5 12. Bxf4 Nxc4 13. Qxc4 a6 14. e5 Ng4 15. exd6 cxd6 16. Rdf1 Be3+ 17.
Bxe3 Nxe3 18. Qd3 Bf5 19. Qd2 Nxf1 20. Rxf1 Bg4 21. Ng5 f6 22. Nge4 Rc8 23. Qf4 Rxe4 24. Nxe4 Qc7 25. c3 Be2 26. Rf2 Bd3 27. Nxd6 Rd8 28.
Nf5 Qxf4+ 29. Rxf4 Kf7 30. c4 b5 31. b3 bxc4 32.
bxc4 g6 33. Ne3 f5 34. Rd4 Kf6 35. Kd2 Be4 36. c5 Ke5 37. Kc3 Bxd5 38. c6 Rc8 39. Rxd5+ Ke4 40. Rd6 Kxe3 41. Kc4 Kf2 42. Rd2+ Ke3 43.
Rd6 Kf2 44. Kc5 Kxg2 45. Kb6 f4 46. Rf6 f3 47. Kb7 Rxc6 48. Kxc6 f2 49. Kb6 f1=Q 50. Rxf1 Kxf1 51. Kxa6 h6 52. Kb5 g5 53. hxg5 hxg5 54. a4 g4 55. a5 g3 56. a6 g2 57.
a7 g1=Q 58. a8=Q Qg5+ 59. Kb4 Qd2+ 60. Kc5 Qc3+ 61. Kb6 Qb4+ 62. Ka7 Qb5 63. Qf3+ Ke1 64. Qg3+ Kd2 65. Qf2+ Kc3 66. Qe1+ Kd4 67. Qd2+ Kc5 68. Qe3+ Kd6 69. Qf4+ Kc6 70. Qf6+ Kc7 71. Qf4+ Kc8 72.
Qf8+ Kc7 73. Qe7+ Kc8 74. Qf8+ Kc7 75. Qg7+ Kc8 76. Qh8+ Kc7 77. Qh2+ Kc6 78. Qh1+ Kd7 79. Qd1+ Kc8 80. Qc2+ Kd8 81. Qd2+ Kc7 82. Qc3+ Kd7 83. Qd4+ Kc8 84. Qh8+ Kd7 85. Qg7+ Kc6 86. Qg6+ Kc7 87. Qg7+ Kc8 88. Qg8+ Kd7 89. Qg7+ Kd6 90. Qg6+ Kc7 91. Qg3+ Kc8 92. Qg8+ Kc7 93. Qf7+ Kc8 94. Qf8+ 1/2-1/2

[Event "Late-Titled-Tuesday-Blitz-May-07-2024"]
[Site "Chess.com"]
[Date "2024.05.07"]
[Round "11"]
[White "Mischuk_D"]
[Black "nindjaxx8"]
[Result "1/2-1/2"]
[WhiteElo "2798"]
[BlackElo "2641"]
[TimeControl "180+1"]
[EndTime "16:09:59 PDT"]
[Termination "Game drawn by repetition"]

1. d4 d5 2. c4 e6 3. g3 Nf6 4. Bg2 Be7 5. Nf3 O-O 6. O-O b6 7. Ne5 Bb7 8. Nc3 Nbd7 9. Nxd7 Qxd7 10. Bg5 Rfd8 11. Bxf6 Bxf6 12. cxd5 exd5 13. e3 c5 14. dxc5 bxc5 15. Na4 Rac8 16. Rc1 Be7 17. b3 d4 18.
exd4 Bxg2 19. Kxg2 cxd4 20. Rxc8 Qxc8 21. Nb2 Bf6 22.
Nd3 h6 23. Qf3 Qa6 24. Qe2 Rc8 25. Rd1 Qb7+ 26. Kg1 Rc3 27. h4 Qc6 28. Rd2 g6 29. Kh2 Kg7 30. b4 Qd6 31. Nc5 Ra3 32. Qe4 a5 33. Nb7 Qxb4 34. Rd1 Rxa2 35. Kg2 a4 36. Qd5 Re2 37. Nd6 Re6 38. Ne4 Qb2 39. Rd2 Qa1 40.
Nxf6 Rxf6 41. Rxd4 a3 42. Rd2 Qc3 43. Ra2 h5 44.
Rd2 Qc7 45. Kh2 Qc3 46. Ra2 Rf5 47. Qd6 Rf3 48. Qd5 Rf6 49. Qe4 Qc1 50. Qe2 Qc3 51. Kg2 Rc6 52. Qe4 Rf6 53. Qd5 Qb4 54. Qd3 Rb6 55.
Rxa3 Qc5 56. Ra2 Qc6+ 57. Kh2 Rb5 58. Rd2 Rf5 59. Qd4+ Qf6 60. Qe3 Rf3 61. Qc5 Rf5 62. Qa7 Qe5 63. Qd7 Qf6 64. Kg1 Qc3 65. Qd6 Qa1+ 66. Rd1 Qf6 67. Qd2 Rf3 68. Qe2 Rf5 69. Kg2 Qe5 70. Qxe5+ Rxe5 71. Rd6 Rf5 72. f3 Ra5 73. g4 hxg4 74. fxg4 Ra3 75. Rd5 Rb3 76. Kf2 Ra3 77. Kg2 Rb3 78. g5 Ra3 79. Rd4 Rb3 80. Rf4 Ra3 81. Rf3 Ra4 82. Kg3 Rb4 83. Rf4 Rb3+ 84.
Kg4 Rb1 85. Rf3 Rg1+ 86. Rg3 Rh1 87. Rg2 Ra1 88. Rf2 Ra4+ 89. Rf4 Ra1 90. Rf3 Rg1+ 91. Rg3 Ra1 92. Kh3 Ra4 93. Re3 Ra1 94. Kg2 Ra2+ 95. Kg3 Ra4 96. Rf3 Ra7 97. h5 gxh5 98. Kh4 Ra1 99. Kxh5 Rh1+ 100. Kg4 Rg1+ 101. Kf5 Ra1 102. Re3 Ra5+ 103. Kg4 Ra4+ 104. Kh5 Ra1 105. Rf3 Rh1+ 106. Kg4 Rg1+ 107. Kf5 Ra1 108. Rd3 Ra5+ 109. Kg4 Ra4+ 110. Kh5 Ra1 111. Rd7 Rh1+ 112. Kg4 Rg1+ 113. Kf4 Rf1+ 114. Ke3 Kg6 115. Ke4 Kxg5 116. Ke3 f6 117. Rd4 Ra1 118. Kf3 Ra3+ 119. Kf2 f5 120. Rc4 Rb3 121. Rd4 f4 122. Rd8 Rb2+ 123. Kf3 Rb3+ 124. Kf2 Rb6 125. Kf3 Rb3+ 126. Kf2 1/2-1/2